 Dungeon Crawl Stone Soup version 0.19.1 (webtiles) character file.

77 SQman the Magician (level 4, -7/25 HPs)
             Began as a Tengu Wanderer on Dec 15, 2016.
             Killed from afar by Natasha (8 damage)
             ... with a magic dart
             ... on level 2 of the Dungeon.
             The game lasted 00:10:57 (1525 turns).

SQman the Magician (Tengu Wanderer)                 Turns: 1525, Time: 00:10:58

Health: -7/25      AC:  5    Str: 14    XL:     4   Next: 33%
Magic:  3/9        EV: 11    Int: 15    God:
Gold:   92         SH:  0    Dex: 12    Spells: 2 memorised, 6 levels left

rFire  . . .     SeeInvis .     g - +2 dagger (elec)
rCold  . . .     Gourm    .     e - +2 robe
rNeg   . . .     Faith    .     (no shield)
rPois  .         Spirit   .     (helmet restricted)
rElec  .         Reflect  .     l - +0 cloak
rCorr  .         Harm     .     (no gloves)
MR     .....                    (boots unavailable)
Stlth  ++........               (no amulet)
                                o - +2 ring of slaying
                                m - +2 ring of intelligence

@: very slightly contaminated
A: beak, talons 3
a: no special abilities


You were on level 2 of the Dungeon.
You were hungry.

You visited 1 branch of the dungeon, and saw 2 of its levels.

You collected 92 gold pieces.

Inventory:

Hand Weapons
 b - a +0 quarterstaff
 g - a +2 dagger of electrocution (weapon)
Missiles
 h - 3 tomahawks (quivered)
Armour
 d - a +1 robe
 e - a +2 robe (worn)
 l - a +0 cloak (worn)
 p - a +0 robe
Jewellery
 m - a +2 ring of intelligence (left hand)
 o - a +2 ring of slaying (right hand)
 q - an uncursed ring of protection from magic
Scrolls
 i - a scroll of blinking
Potions
 c - 2 potions of curing
Books
 a - a book of Minor Magic

   Spells                             Type                      Level
   a - Magic Dart                     Conjuration                  1
   b - Blink                          Translocation                2
   c - Call Imp                       Summoning                    2
   d - Repel Missiles                 Charms/Air                   2
   e - Slow                           Hexes                        2
   f - Conjure Flame                  Conjuration/Fire             3
   g - Mephitic Cloud                 Conjuration/Poison/Air       3
Comestibles
 f - 3 bread rations
 j - 2 meat rations
 k - a beef jerky
 n - 5 chunks of flesh


   Skills:
 + Level 1.6 Fighting
 + Level 1.8 Staves
 + Level 1.2 Throwing
 + Level 0.9 Dodging
 + Level 1.1 Stealth
 + Level 3.1 Spellcasting
 + Level 1.3 Conjurations
   Level 1.1 Necromancy
   Level 1.3 Earth Magic
   Level 1.0 Evocations


You had 6 spell levels left.
You knew the following spells:

 Your Spells              Type           Power        Failure   Level  Hunger
a - Magic Dart            Conj           #...         12%         1    #......
b - Call Imp              Summ           #.......     34%         2    ##.....


Dungeon Overview and Level Annotations

Branches:
Dungeon (2/15)

Altars:

Annotations:
D:2 Natasha


Innate Abilities, Weirdness & Mutations

You have a beak for a mouth.
You have claws for feet.


Message History

Confirm with . or Enter, or press ? or * to list all spells.
You miscast Call Imp.
Shadowy shapes form in the air around you, then vanish.
Natasha mumbles some strange words.
Casting: Call Imp
Confirm with . or Enter, or press ? or * to list all spells.
Aiming: Magic Dart
Press: ? - help, Shift-Dir - straight line, f/p - Natasha
Aim: Natasha (lightly wounded)
The magic dart hits Natasha.
Natasha is lightly wounded.
Natasha casts a spell at you. The magic dart hits you!
* * * LOW HITPOINT WARNING * * *
The crimson imp blinks!
Natasha mumbles some strange words.
The crimson imp blinks!
Natasha casts a spell at you. The magic dart hits you!
You die...

#..>.. .............
#....# ###.###......
#....# ###...... #....#
#........ ##.5h.#
#....#### #.....+
#....'... #..§..#
###....###. #.##.##
#.'....#
#.##@######'#....#
#.##5##..........#
###............#######.
#......).....÷.........
#...........<..........
#..........#..........#
#..........#..........#
#..........####'#######
#..........# #.#


You could see an iron imp, Natasha and a crimson imp.

Vanquished Creatures
  Jessica (D:2)
  2 adders (D:2)
  An ooze (D:1)
  3 leopard geckos
  A bat (D:1)
  7 goblins
  2 hobgoblins
  5 frilled lizards
  4 kobolds
  A rat (D:2)
  2 plants (D:1)
29 creatures vanquished.

Notes
Turn   | Place    | Note
-------+----------+-------------------------------------------
     0 | D:1      | SQman the Tengu Wanderer began the quest for the Orb.
     0 | D:1      | SQman set off with: a book of Minor Magic, a +0 quarterstaff, a potion of curing, a +0 robe, a bread ration
     0 | D:1      | Reached XP level 1. HP: 12/12 MP: 4/4
     2 | D:1      | Learned a level 1 spell: Magic Dart
   213 | D:1      | Reached XP level 2. HP: 16/16 MP: 0/6
  1109 | D:2      | Reached XP level 3. HP: 15/20 MP: 6/8
  1182 | D:2      | Learned a level 2 spell: Call Imp
  1313 | D:2      | Noticed Jessica
  1321 | D:2      | Killed Jessica
  1321 | D:2      | Reached skill level 3 in Spellcasting
  1321 | D:2      | Reached skill level 1 in Conjurations
  1321 | D:2      | Reached XP level 4. HP: 20/25 MP: 9/9
  1518 | D:2      | Noticed Natasha
  1523 | D:2      | HP: 1/25 [Natasha/magic dart (7)]
  1525 | D:2      | Killed from afar by Natasha

Skill      XL: |  1  2  3 |
---------------+----------+-----
Spellcasting   | 3 |  3.1
Conjurations   | 1 |  1.3
Fighting       | |  1.6
Staves         | |  1.8
Throwing       | |  1.2
Dodging        | |  0.9
Stealth        | |  1.1
Necromancy     | |  1.1
Earth Magic    | |  1.3
Evocations     | |  1.0

Action                   |  1- 3 |  4- 6 || total
-------------------------+-------+-------++-------
Melee: Quarterstaff      |    10 |       ||    10
       Kick              |    20 |     4 ||    24
       Peck              |     8 |       ||     8
       Dagger            |    45 |     8 ||    53
 Cast: Magic Dart        |    21 |     7 ||    28
  Use: Scroll            |     8 |       ||     8
       Potion            |     3 |       ||     3
  Eat: Chunk             |     2 |       ||     2
Armor: Robe              |     9 |     1 ||    10
Dodge: Dodged            |    26 |     4 ||    30
